 Dungeon Crawl Stone Soup version 0.30-a0-743-gbfdf073431 (webtiles) character file.

Game seed: 9023844893779978415

176 avis the Shooter (level 5, -6/45 HPs)
             Began as a Demigod Hunter on Feb 7, 2023.
             Splashed by a jelly's acid (9 damage)
             ... on level 4 of the Dungeon.
             The game lasted 00:10:59 (2386 turns).

avis the Shooter (Demigod Hunter)                   Turns: 2386, Time: 00:11:00

Health: -6/45      AC: -9    Str: 12    XL:     5   Next: 8%
Magic:  7/7        EV: 12    Int: 11    God:
Gold:   90         SH:  0    Dex: 21    Spells: 4/4 levels left

rFire   . . .      SeeInvis .    b - +2 dagger (venom)
rCold   . . .      Faith    .    (no shield)
rNeg    . . .      Spirit   .    c - +0 leather armour
rPois   .          Reflect  .    (no helmet)
rElec   .          Harm     .    (no cloak)
rCorr   .          Rampage  .    (no gloves)
Will    .....                    (no boots)
Stlth   ++                       (no amulet)
HPRegen 0.27/turn                (no ring)
MPRegen 0.10/turn                (no ring)

@: corroded
A: high MP 1, forlorn, divine attributes
a: no special abilities


You were on level 4 of the Dungeon.
You visited 1 branch of the dungeon, and saw 4 of its levels.

You collected 90 gold pieces.

Inventory:

Hand Weapons
 a - a +0 shortbow
 b - a +2 dagger of venom (weapon)
 g - a +0 dagger
 l - a +3 hand axe
Missiles
 n - 6 javelins
 o - 7 poisoned darts
Armour
 c - a +0 leather armour (worn)
Wands
 m - a wand of mindburst (8)
 w - a wand of flame (12)
Scrolls
 d - 2 scrolls of identify {unknown}
 e - 2 scrolls of teleportation {unknown}
 i - a scroll of immolation
 k - a scroll of enchant armour {unknown}
 r - a scroll of poison {unknown}
 t - a scroll of acquirement {unknown}
 x - a scroll of amnesia {unknown}
Potions
 f - a potion of cancellation {unknown}
 h - 2 potions of invisibility {unknown}
 j - a potion of attraction {unknown}
 p - 2 potions of curing
 q - a potion of lignification {unknown}
 s - a potion of degeneration {unknown}
 u - a potion of magic {unknown}
 v - a potion of heal wounds {unknown}


   Skills:
 - Level 3.0 Fighting
 * Level 5.5 Ranged Weapons
 - Level 1.7 Dodging
 - Level 0.8 Stealth


You had 4 spell levels left.
You didn't know any spells.
Your spell library contained the following spells:

 Spells                   Type           Power      Damage    Failure   Level
 Sandblast                Erth           0%         2d4       41%         1
 Passwall                 Tmut/Erth      0%         N/A       56%         2
 Stone Arrow              Conj/Erth      0%         3d7       80%         3


Dungeon Overview and Level Annotations

Branches:
Dungeon (4/15)
 Temple: D:4-7


Innate Abilities, Weirdness & Mutations

You have an increased reservoir of magic. (+10% MP)
You shall have no god before yourself.
Your divine heritage dramatically boosts your attributes as you level up.


Message History

You climb downwards.
The gnoll hits you from afar with a +0 spear.
There is a stone staircase leading up here.
The gnoll hits you with a +0 spear.
You barely miss the gnoll. The gnoll completely misses you.
You hit the gnoll.
The gnoll is moderately wounded.
The gnoll hits you with a +0 spear.
You hit the gnoll.
The gnoll is poisoned.
The gnoll is heavily wounded.
The gnoll barely misses you.
You hit the gnoll.
The gnoll is almost dead.
You kill the gnoll!
You see here a +0 spear.
You hit the jelly.
Your hands burn!
The jelly is lightly wounded.
The jelly hits you but does no damage.
You barely miss the jelly.
The jelly is lightly wounded.
The jelly closely misses you.
You hit the jelly.
Your hands burn!
The jelly is moderately wounded.
The jelly hits you. The acid corrodes you!
You are splashed with acid!
You hit the jelly.
Your hands burn!
The jelly is moderately wounded.
The jelly hits you.
You are splashed with acid!
* * * LOW HITPOINT WARNING * * *
The endoplasm quivers.
You hit the jelly.
Your hands burn!
* * * LOW HITPOINT WARNING * * *
The jelly is severely wounded.
The jelly hits you.
* * * LOW HITPOINT WARNING * * *
The acid corrodes you!
You are splashed with acid!
* * * LOW HITPOINT WARNING * * *
It was a potion of curing.
You feel better. The jelly hits you.
* * * LOW HITPOINT WARNING * * *
The acid corrodes you!
You are splashed with acid!
You die...

###^### !....
#...# #../# #...#
#...#
#.#####...#######
#..J..J@).<.....#
########.#####.##
#..# ##.# .# .#
.# ##


You could see a jelly and an endoplasm.

Vanquished Creatures
  A jelly (D:3)
  3 gnolls
  4 adders
  2 worms (D:3)
  4 dart slugs
  3 bats
  10 endoplasms
  5 giant cockroaches
  4 goblins
  7 hobgoblins
  5 jackals
  2 quokkas
  3 ball pythons
  3 frilled lizards
  2 kobolds
  6 rats
64 creatures vanquished.

Notes
Turn   | Place    | Note
-------+----------+-------------------------------------------
     0 | D:1      | avis the Demigod Hunter began the quest for the Orb.
     0 | D:1      | Reached XP level 1. HP: 17/17 MP: 3/3
   142 | D:1      | Reached skill level 4 in Ranged Weapons
   143 | D:1      | Reached XP level 2. HP: 24/24 MP: 4/4
   790 | D:1      | Reached XP level 3. HP: 19/30 MP: 5/5
  1413 | D:3      | Reached XP level 4. HP: 38/38 MP: 6/6
  1662 | D:3      | Reached skill level 5 in Ranged Weapons
  2258 | D:3      | Reached XP level 5. HP: 29/45 MP: 7/7
  2385 | D:4      | HP: 1/45 [acid (8)]
  2386 | D:4      | Splashed by a jelly's acid

Illustrated notes

Levels and vault maps discovered:
D:1:      amcnicky_arrival_choice, layout_loops_ring
D:2:      layout_rooms
D:3:      layout_loops_cross
D:4:      cheibrodos_old_hovel, layout_basic, gammafunk_ghost_split,
          nicolae_elevator_lobby_plus, uniq_crazy_yiuf_cottage

Skill      XL: |  1  2  3  4 |
---------------+-------------+-----
Fighting       | 2 3 |  3.0
Ranged Weapons | 4 5 |  5.5
Dodging        | |  1.7
Stealth        | |  0.8

Action                     |  1- 3 |  4- 6 || total
---------------------------+-------+-------++-------
  Melee: Dagger            |    15 |    54 ||    69
         Punch             |       |     1 ||     1
   Fire: Shortbow          |    90 |    21 ||   111
    Use: Potion            |       |     1 ||     1
   Stab: Sleeping          |       |     1 ||     1
 Armour: Leather armour    |    15 |     6 ||    21
  Dodge: Dodged            |    35 |    31 ||    66

Table legend: (Time is in decaauts)
 A = Elapsed time spent in this place.
 B = Non-inter-level travel time spent in this place.
 C = Inter-level travel time spent in this place.
 D = Time resting spent in this place.
 E = Time spent auto-exploring this place.
 F = Levels seen in this place.
 G = Mean time per level.
                   A        B        C        D        E       F      G
               +--------+--------+--------+--------+--------+-----+--------+
         Total |   2419 |   2081 |    338 |    247 |   1315 |   4 |  604.8 |
       Dungeon |   2419 |   2081 |    338 |    247 |   1315 |   4 |  604.8 |
               +--------+--------+--------+--------+--------+-----+--------+

Top non-repeatable levels by time:
     D:3: 989 daAuts
     D:1: 821 daAuts
     D:2: 556 daAuts
     D:4: 52 daAuts
